[Event "Sunday07 January Rapid Engine Tour 12+1 Rounds 9 Starts 1600 ST"]
[Site "Infinity Chess"]
[Date "2018.1.7"]
[Round "3"]
[White "Harry_Potter"]
[Black "xeonrocks"]
[Result "1/2-1/2 "]
[ECO "C65"]
[WhiteElo "2543"]
[BlackElo "2511"]
[WhiteEngine "stockfish_18010422_x64_bmi2_CTG"]
[BlackEngine "asmFishW_CTG"]
[EventType "Swiss"]
[WhiteTeam ""]
[BlackTeam ""]
[PlyCount "257"]
[TimeControl "720+1"]

1. e4 e5 2. Nf3 Nc6 3. Bb5 Nf6 4. d3 Bc5 5. c3 O-O 6. O-O d6 7. h3 a6 8. Ba4 h6 
9. Re1 b5 10. Bb3 Re8 11. Nbd2 a5 12. a4 b4 13. Nf1 Bb6 14. Bc4 Ba6 
15. Bxa6 Rxa6 16. Qc2 Qd7 17. Ne3 Ne7 18. Nc4 c5 19. Ne3 Bc7 20. c4 Bd8 
21. Qd1 Ra7 22. Rf1 Nh7 23. Nd2 Ng5 24. Nd5 f5 25. Nxe7+ Bxe7 26. exf5 Qxf5 
27. Qe2 Qg6 28. Kh2 Ne6 29. Ne4 Rd7 30. Be3 Red8 31. Rac1 Kh7 32. b3 Rf8 
33. Rce1 Rdd8 34. Rd1 Qf5 35. Kg1 Qg6 36. Kh2 Rf7 37. Qg4 Rd7 38. g3 Rf8 
39. f3 h5 40. Qxg6+ Kxg6 41. h4 Kf7 42. Kg2 Ke8 43. Kh3 Rd8 44. Rde1 g6 
45. Kg2 Kd7 46. Bh6 Rf7 47. Be3 Rff8 48. Rd1 Kc6 49. Rde1 Rb8 50. Rf2 Rf7 
51. Rg1 Rf5 52. Rff1 Rg8 53. Rh1 Kd7 54. Re1 Kc6 55. Rb1 Rd8 56. Rbe1 Rdf8 
57. Rhf1 Ra8 58. Rd1 Rb8 59. Rde1 Rf7 60. Kf2 Bf6 61. Rg1 Be7 62. Rgf1 Rh8 
63. Ke2 Kd7 64. Rh1 Rf5 65. Reg1 Re8 66. Rf1 Rd8 67. Re1 Rc8 68. Ref1 Rb8 
69. Rb1 Rff8 70. Nd2 Kc7 71. Rbf1 Rbe8 72. Re1 Kc6 73. Ne4 Bf6 74. Rhg1 Re7 
75. Bf2 Ree8 76. Ref1 Be7 77. Be3 Rf7 78. Kf2 Kd7 79. Ke2 Kc6 80. Rh1 Rd8 
81. Rhg1 Rg7 82. Ra1 Rb8 83. Rae1 Rc8 84. Ref1 Rd8 85. Rh1 Re8 86. Rh3 Kd7 
87. Rhh1 Kc6 88. Rh2 Rf8 89. Rhh1 Rgf7 90. Rh2 Bf6 91. Rhh1 Bd8 92. Bg1 Rf5 
93. Be3 g5 94. hxg5 Bxg5 95. Rxh5 Bxe3 96. Rxf5 Rxf5 97. Kxe3 Rh5 98. g4 Rh2 
99. Rf2 Rh1 100. Rg2 Nf4 101. Rg3 Rb1 102. g5 Rxb3 103. g6 Rxd3+ 104. Kf2 Nxg6 
105. Rxg6 b3 106. Ke2 b2 107. Rg1 Ra3 108. Rb1 Rxa4 109. Rxb2 Rxc4 110. Rb8 d5 
111. Rc8+ Kd7 112. Rxc5 Rxc5 113. Nxc5+ Kd6 114. Na4 Ke6 115. Kf2 e4 
116. fxe4 Ke5 117. exd5 Kxd5 118. Ke2 Kd4 119. Kd1 Kd3 120. Nb2+ Ke4 
121. Ke2 Kf5 122. Nc4 a4 123. Ne3+ Ke4 124. Nd1 a3 125. Nc3+ Kf5 126. Na2 Kg6 
127. Ke3 Kf5 128. Kf3 Kg6 129. Ke2 1/2-1/2

[Event "Sunday07 January Rapid Engine Tour 12+1 Rounds 9 Starts 1600 ST"]
[Site "Infinity Chess"]
[Date "2018.1.7"]
[Round "2"]
[White "IronMan"]
[Black "KillBill2017"]
[Result "1/2-1/2"]
[ECO "A22"]
[WhiteElo "2398"]
[BlackElo "2419"]
[WhiteEngine "Stockfish SL BMI2"]
[BlackEngine "Raubfisch ME262_GTZ16b1._CTG"]
[EventType "Swiss"]
[WhiteTeam ""]
[BlackTeam ""]
[PlyCount "70"]
[TimeControl "720+1"]

1. c4 e5 2. Nc3 Nf6 3. Nf3 Nc6 4. e3 Bb4 5. d4 d6 6. Bd2 O-O 7. d5 Ne7 8. Bd3 c6 
9. dxc6 bxc6 10. O-O Bg4 11. Ne4 Nxe4 12. Bxb4 f5 13. Bxe4 fxe4 14. Qxd6 Qxd6 
15. Bxd6 exf3 16. Bxe7 fxg2 17. Rfe1 Rf7 18. Bd6 Re8 19. f4 exf4 20. exf4 Rd8 
21. Be5 g5 22. fxg5 Rf3 23. Kxg2 Rd2+ 24. Kg1 Rff2 25. Rf1 Rg2+ 26. Kh1 Rge2 
27. Bg3 Rxb2 28. Rf6 Rxa2 29. Rxa2 Rxa2 30. Kg1 Bh3 31. Rxc6 Rg2+ 32. Kh1 Rc2 
33. Kg1 Rg2+ 34. Kh1 Rc2 35. Kg1 Rg2+ 1/2-1/2

[Event "Sunday07 January Rapid Engine Tour 12+1 Rounds 9 Starts 1600 ST"]
[Site "Infinity Chess"]
[Date "2018.1.7"]
[Round "2"]
[White "MarioDeMonti"]
[Black "SkyPilot"]
[Result "1/2-1/2"]
[ECO "B90"]
[WhiteElo "2415"]
[BlackElo "2480"]
[WhiteEngine "stockfish_x64_bmi2_2017_12_26_CTG"]
[BlackEngine "stockfish_x64_bmi2_2018_01_01_CTG"]
[EventType "Swiss"]
[WhiteTeam ""]
[BlackTeam ""]
[PlyCount "182"]
[TimeControl "720+1"]

1. e4 c5 2. Nf3 d6 3. d4 cxd4 4. Nxd4 Nf6 5. Nc3 a6 6. Be3 e5 7. Nb3 Be6 
8. f3 h5 9. Qd2 Nbd7 10. Nd5 Bxd5 11. exd5 g6 12. O-O-O Nb6 13. Qa5 Bh6 
14. Bxh6 Rxh6 15. Qd2 Rh8 16. Na5 Qc7 17. c4 Kf8 18. Kb1 Kg7 19. Bd3 Nbd7 
20. Rc1 Rae8 21. Rhe1 Nb8 22. Rf1 b6 23. Nb3 Nbd7 24. f4 a5 25. Qc3 Rc8 
26. f5 g5 27. Qd2 Kh7 28. Na1 Nc5 29. Be2 g4 30. Nc2 Qe7 31. Rcd1 Qf8 
32. Na3 Qh6 33. Qc2 Qg5 34. Nb5 Rcd8 35. a3 Qe3 36. Rde1 Qe4 37. b4 Qxc2+ 
38. Kxc2 Nce4 39. Bd1 Ng5 40. Nc3 Rc8 41. Kb3 Kg7 42. Re3 h4 43. h3 gxh3 
44. gxh3 Kf8 45. Be2 Rg8 46. Rd1 Ngh7 47. Ka4 Ke7 48. c5 axb4 49. cxd6+ Kd7 
50. Kxb4 Rg3 51. Rxg3 hxg3 52. Rg1 Ng5 53. Bg4 Kxd6 54. Nb5+ Kd7 55. Nc3 Rh8 
56. Rxg3 Kd6 57. a4 Nge4 58. Nxe4+ Nxe4 59. Rb3 Rb8 60. Be2 Rh8 61. Ka3 Kc7 
62. Kb4 Kd6 63. Ka3 Kc7 64. Bg4 Nc5 65. Rb4 e4 66. d6+ Kxd6 67. Rxb6+ Ke5 
68. Kb4 Nd3+ 69. Kb5 e3 70. Rb7 Kd4 71. Rxf7 Ne5 72. Rc7 Rb8+ 73. Ka5 Rb2 
74. Rc1 e2 75. Bxe2 Rxe2 76. Ka6 Nd3 77. Rd1 Rf2 78. a5 Rxf5 79. Kb6 Ke4 
80. Ka6 Nb4+ 81. Kb6 Rf8 82. Rc1 Rb8+ 83. Ka7 Rh8 84. h4 Rh7+ 85. Kb6 Rh8 
86. Rd1 Kf3 87. a6 Rb8+ 88. Kc7 Nxa6+ 89. Kc6 Nb4+ 90. Kd7 Rh8 91. Rf1+ Kg3 
1/2-1/2

[Event "Sunday07 January Rapid Engine Tour 12+1 Rounds 9 Starts 1600 ST"]
[Site "Infinity Chess"]
[Date "2018.1.7"]
[Round "2"]
[White "Satria_Ungu"]
[Black "OlivierEvan"]
[Result "1/2-1/2"]
[ECO "A06"]
[WhiteElo "2441"]
[BlackElo "2349"]
[WhiteEngine "Houdini 6"]
[BlackEngine "Houdini 6"]
[EventType "Swiss"]
[WhiteTeam ""]
[BlackTeam ""]
[PlyCount "169"]
[TimeControl "720+1"]

1. Nf3 d5 2. d4 Nf6 3. c4 e6 4. Nc3 c6 5. Bg5 h6 6. Bxf6 Qxf6 7. e3 Nd7 
8. Be2 g6 9. O-O Bg7 10. e4 dxe4 11. Nxe4 Qf4 12. Qc2 f5 13. Nc3 O-O 14. c5 Kh7 
15. Bc4 Ne5 16. Nxe5 Bxe5 17. dxe5 Qxc4 18. Qe2 Qxc5 19. Rad1 Qe7 20. Rd6 c5 
21. Qe3 b6 22. Rfd1 Rb8 23. Ne2 Qf7 24. h4 f4 25. Qd3 Qg7 26. Nc3 Kh8 
27. a3 Qxe5 28. Qxg6 Qg7 29. Qxg7+ Kxg7 30. Rd8 b5 31. R8d6 c4 32. Rc6 Rf7 
33. f3 Bd7 34. Rcd6 Rb7 35. Ra6 Bc8 36. Rc6 Bd7 37. Rc5 Be8 38. Re1 Bd7 
39. Ne2 Rb6 40. Rd1 b4 41. axb4 Rxb4 42. Rd2 Be8 43. Rd4 a5 44. Rdxc4 Rxc4 
45. Rxc4 Bb5 46. Re4 Bxe2 47. Rxe2 Kf6 48. Re4 Ke7 49. Kh1 Rf5 50. Kh2 Rb5 
51. Rxf4 Rxb2 52. Ra4 Rb5 53. g4 h5 54. g5 e5 55. Ra2 Kf7 56. Kg3 Kg6 
57. Rd2 Rb3 58. Rd6+ Kf7 59. Rf6+ Ke7 60. Rf5 Ke6 61. Rf8 a4 62. Re8+ Kf5 
63. Rf8+ Kg6 64. Rf6+ Kg7 65. Re6 Rb5 66. Re7+ Kg6 67. Re6+ Kg7 68. Ra6 Rb4 
69. Ra5 e4 70. fxe4 Rxe4 71. Ra7+ Kg8 72. Kh3 Re3+ 73. Kg2 a3 74. Kf2 Rh3 
75. Ra8+ Kf7 76. Ra6 Rb3 77. Ra7+ Ke6 78. Ra5 Rb2+ 79. Ke3 a2 80. Kd4 Rb4+ 
81. Kd3 Rxh4 82. Rxa2 Rg4 83. g6 h4 84. g7 h3 85. Ra6+ 1/2-1/2

[Event "Sunday07 January Rapid Engine Tour 12+1 Rounds 9 Starts 1600 ST"]
[Site "Infinity Chess"]
[Date "2018.1.7"]
[Round "2"]
[White "angriff"]
[Black "miguello"]
[Result "1/2-1/2"]
[ECO "B06"]
[WhiteElo "2385"]
[BlackElo "2414"]
[WhiteEngine "SF_64BIT_POPCNT_CTG"]
[BlackEngine "asmFishW_2017-11-19_popcnt_CTG"]
[EventType "Swiss"]
[WhiteTeam ""]
[BlackTeam ""]
[PlyCount "129"]
[TimeControl "720+1"]

1. e4 g6 2. d4 Bg7 3. Nf3 d6 4. c4 Bg4 5. Be2 Nc6 6. Be3 e5 7. d5 Bxf3 
8. Bxf3 Nd4 9. O-O Nxf3+ 10. Qxf3 Nf6 11. a4 Nd7 12. a5 O-O 13. Nc3 a6 
14. Qh3 f5 15. b4 f4 16. Bd2 Nf6 17. f3 Rf7 18. Rac1 g5 19. g3 Qe8 20. Kh1 h6 
21. gxf4 exf4 22. Ne2 Nxe4 23. fxe4 Qxe4+ 24. Qf3 Re8 25. Qxe4 Rxe4 26. Rfe1 Rf5 
27. Ng1 Rd4 28. Bc3 Rxc4 29. Bxg7 Rxc1 30. Rxc1 Kxg7 31. Rxc7+ Rf7 32. Rc3 Kf6 
33. Nh3 Ke5 34. Kg2 Kxd5 35. Rc1 Kd4 36. Nf2 h5 37. h3 d5 38. Re1 Rg7 39. h4 g4 
40. Rd1+ Kc4 41. Rc1+ Kxb4 42. Nd3+ Kxa5 43. Nxf4 d4 44. Nxh5 Rh7 45. Ra1+ Kb4 
46. Nf4 Rxh4 47. Rb1+ Kc5 48. Rxb7 Rh6 49. Nd3+ Kc6 50. Ra7 Kb5 51. Rc7 a5 
52. Ne5 a4 53. Rb7+ Kc5 54. Nd3+ Kc4 55. Ne5+ Kd5 56. Nd3 a3 57. Ra7 Ke4 
58. Nf2+ Kd5 59. Rxa3 Kc4 60. Nd1 d3 61. Nb2+ Kb4 62. Rxd3 g3 63. Kxg3 Kc5 
64. Rd1 Rh8 65. Na4+ 1/2-1/2

[Event "Sunday07 January Rapid Engine Tour 12+1 Rounds 9 Starts 1600 ST"]
[Site "Infinity Chess"]
[Date "2018.1.7"]
[Round "2"]
[White "hafaba"]
[Black "Coco69"]
[Result "1/2-1/2"]
[ECO "A06"]
[WhiteElo "2420"]
[BlackElo "2423"]
[WhiteEngine "SF SL 03012018 POPCNT_CTG"]
[BlackEngine "BrainFish_180106_x64"]
[EventType "Swiss"]
[WhiteTeam ""]
[BlackTeam ""]
[PlyCount "96"]
[TimeControl "720+1"]

1. Nf3 d5 2. d4 Nf6 3. c4 e6 4. Nc3 c6 5. e3 Nbd7 6. Bd3 dxc4 7. Bxc4 b5 
8. Bd3 Bb7 9. a3 Bd6 10. O-O O-O 11. Qc2 h6 12. e4 e5 13. h3 Re8 14. Be3 Qc7 
15. dxe5 Nxe5 16. Nxe5 Bxe5 17. Rae1 g5 18. Ne2 a6 19. f4 gxf4 20. Bxf4 c5 
21. Bxe5 Qxe5 22. Rf5 Qd6 23. Ref1 Bxe4 24. Bxe4 Nxe4 25. Rxf7 c4 26. Nc3 Qd2 
27. Qb1 Re6 28. Nxe4 Qd4+ 29. Kh2 Qxe4 30. Qxe4 Rxe4 31. R1f6 Rae8 32. Ra7 R4e6 
33. Rxa6 Rxf6 34. Rxf6 Re2 35. Rxh6 Rxb2 36. Rc6 Ra2 37. Rc5 Rxa3 38. Rxb5 c3 
39. Rb7 Kf8 40. Rc7 Ke8 41. h4 Kd8 42. Rc4 Kd7 43. h5 Ke6 44. Rc5 Kd6 
45. Rc8 Kd5 46. Kg3 c2+ 47. Kh2 Ra4 48. Rxc2 Rh4+ 1/2-1/2

[Event "Sunday07 January Rapid Engine Tour 12+1 Rounds 9 Starts 1600 ST"]
[Site "Infinity Chess"]
[Date "2018.1.7"]
[Round "2"]
[White "NINJA_JENGKA"]
[Black "ocirema"]
[Result "1/2-1/2"]
[ECO "A06"]
[WhiteElo "2424"]
[BlackElo "2437"]
[WhiteEngine "Houdini 6"]
[BlackEngine "Stockfish_18010423_720_x64_modern_BYO_RW_CTG"]
[EventType "Swiss"]
[WhiteTeam ""]
[BlackTeam ""]
[PlyCount "102"]
[TimeControl "720+1"]

1. Nf3 d5 2. d4 Nf6 3. c4 e6 4. Nc3 c6 5. Bg5 h6 6. Bxf6 Qxf6 7. e3 g6 
8. Ne5 Bg7 9. f4 O-O 10. Qd2 Qe7 11. O-O-O Nd7 12. h4 Nxe5 13. dxe5 a5 
14. g4 Bd7 15. Bd3 Rfd8 16. h5 g5 17. cxd5 exd5 18. Bc2 Bxg4 19. Rdg1 Bc8 
20. Rg2 f5 21. Rhg1 g4 22. Ne2 Rf8 23. Nd4 Kh8 24. Qd3 Rf7 25. Rxg4 c5 
26. e6 Bxe6 27. Nxe6 Qxe6 28. Rg6 Qd7 29. a4 Rb8 30. Rd1 d4 31. Qc4 Re7 
32. exd4 cxd4 33. Kb1 b5 34. axb5 Qxb5 35. Qxb5 Rxb5 36. Bd3 Rb8 37. Ra6 Re3 
38. Rxa5 Rf3 39. Rxf5 Rf2 40. Rb5 Rxb5 41. Bxb5 d3 42. Bxd3 Rxb2+ 43. Kc1 Rf2 
44. f5 Bb2+ 45. Kb1 Bf6 46. Be4 Rf4 47. Re1 Kg7 48. Kc2 Rh4 49. Kd3 Rxh5 
50. Rg1+ Rg5 51. Rxg5+ hxg5 1/2-1/2

[Event "Sunday07 January Rapid Engine Tour 12+1 Rounds 9 Starts 1600 ST"]
[Site "Infinity Chess"]
[Date "2018.1.7"]
[Round "2"]
[White "RonWeasley"]
[Black "Prometheus"]
[Result "1/2-1/2"]
[ECO "A00"]
[WhiteElo "2439"]
[BlackElo "2440"]
[WhiteEngine "BrainFish 060118_CTG"]
[BlackEngine "Eman 1.58-64bit-IDeA"]
[EventType "Swiss"]
[WhiteTeam ""]
[BlackTeam ""]
[PlyCount "94"]
[TimeControl "720+1"]

1. a3 e6 2. Nf3 d5 3. d4 Nf6 4. Bf4 a6 5. e3 Nbd7 6. Be2 Be7 7. Nbd2 b6 
8. c4 O-O 9. O-O c5 10. dxc5 bxc5 11. h3 a5 12. Qa4 Qb6 13. Rad1 Ba6 
14. Rfe1 Rfd8 15. Qc2 Nf8 16. Bd3 Ng6 17. Ne5 Bb7 18. Nxg6 hxg6 19. cxd5 exd5 
20. e4 c4 21. Bf1 Bc5 22. Be3 Bxe3 23. Rxe3 Nxe4 24. Nxe4 dxe4 25. Bxc4 Rxd1+ 
26. Qxd1 Rc8 27. b3 Rd8 28. Qg4 Kf8 29. Qf4 f5 30. Re2 Qd6 31. Qg5 Qf6 
32. Qc1 Ba6 33. Bxa6 Qxa6 34. Rd2 Rc8 35. Rc2 Rxc2 36. Qxc2 Qd6 37. Qc4 Qd1+ 
38. Kh2 Qd6+ 39. Kg1 Qxa3 40. Qc8+ Ke7 41. Qb7+ Kf6 42. Qb6+ Ke5 43. Qxg6 Qc1+ 
44. Kh2 Qf4+ 45. Kg1 Qc1+ 46. Kh2 Qf4+ 47. Kg1 Qc1+ 1/2-1/2

[Event "Sunday07 January Rapid Engine Tour 12+1 Rounds 9 Starts 1600 ST"]
[Site "Infinity Chess"]
[Date "2018.1.7"]
[Round "2"]
[White "KULLANI"]
[Black "Vimtiroba"]
[Result "1/2-1/2"]
[ECO "C50"]
[WhiteElo "2446"]
[BlackElo "2450"]
[WhiteEngine "BrainFish_180106_x64_CTG"]
[BlackEngine "Corchess@ T2_CTG"]
[EventType "Swiss"]
[WhiteTeam ""]
[BlackTeam ""]
[PlyCount "155"]
[TimeControl "720+1"]

1. e4 e5 2. Nf3 Nc6 3. Bc4 Bc5 4. O-O Nf6 5. d3 d6 6. c3 a5 7. Re1 O-O 
8. Nbd2 Ba7 9. Nf1 Be6 10. Bb3 h6 11. Bc2 Re8 12. Ba4 Bd7 13. Ng3 Ne7 
14. Bxd7 Qxd7 15. d4 Ng6 16. Be3 Qc6 17. Rc1 Qa6 18. Qd2 Ng4 19. h3 Nxe3 
20. Rxe3 a4 21. Nf5 Qc4 22. a3 Qe6 23. Rce1 b5 24. Nh2 Ne7 25. Ng3 exd4 
26. cxd4 Bb6 27. Qd1 Qc4 28. Rd3 Nc6 29. Nf3 b4 30. Re2 Qb5 31. Rc2 b3 
32. Rcc3 Ba5 33. Rc1 Bb6 34. Qd2 Ba5 35. Qd1 Bb6 36. d5 Ne5 37. Rdc3 Qd7 
38. Nxe5 Rxe5 39. Rc4 Qd8 40. R1c3 g6 41. Qc1 Kg7 42. Rf3 Ra5 43. Qf4 Qe7 
44. Rb4 Ra8 45. Kh1 h5 46. Kh2 h4 47. Ne2 f5 48. exf5 Rxf5 49. Qg4 Rxf3 
50. Re4 Rxh3+ 51. Kxh3 Qf7 52. Rf4 Qe7 53. Rf3 Kh6 54. Nf4 Qg5 55. Ne6 Qxg4+ 
56. Kxg4 Bc5 57. Kxh4 g5+ 58. Kg4 Kg6 59. Nxc5 dxc5 60. Rc3 Rf8 61. Kg3 Kf6 
62. Rxc5 Ke5 63. f3 Rd8 64. Kf2 Rxd5 65. Rxd5+ Kxd5 66. Ke3 Ke5 67. g3 c5 
68. Kd3 Kd5 69. Kc3 c4 70. f4 g4 71. f5 Ke5 72. Kxc4 Kxf5 73. Kb4 Ke4 
74. Kxa4 Kf3 75. Kxb3 Kxg3 76. a4 Kf4 77. a5 g3 78. a6 1/2-1/2

[Event "Sunday07 January Rapid Engine Tour 12+1 Rounds 9 Starts 1600 ST"]
[Site "Infinity Chess"]
[Date "2018.1.7"]
[Round "2"]
[White "KRAKEN"]
[Black "Murx"]
[Result "1/2-1/2"]
[ECO "E73"]
[WhiteElo "2452"]
[BlackElo "2454"]
[WhiteEngine "Raubfisch ME262_GTZ16b2_CTG"]
[BlackEngine "BrainFish_171226_x64_modern"]
[EventType "Swiss"]
[WhiteTeam ""]
[BlackTeam ""]
[PlyCount "149"]
[TimeControl "720+1"]

1. d4 Nf6 2. c4 g6 3. Nc3 Bg7 4. e4 d6 5. Be2 O-O 6. Nf3 e5 7. O-O Nc6 8. d5 Ne7 
9. Ne1 Ne8 10. Be3 f5 11. f3 f4 12. Bf2 g5 13. c5 Ng6 14. a4 Nf6 15. a5 a6 
16. Nd3 Rf7 17. Rc1 Bd7 18. b4 h5 19. Na4 Rb8 20. cxd6 cxd6 21. Nb6 Bb5 
22. Nb2 Bxe2 23. Qxe2 g4 24. Rc3 Kh7 25. Rfc1 Bh6 26. Rc8 Rxc8 27. Rxc8 Qe7 
28. N2c4 g3 29. Be1 Ng4 30. h3 Ne3 31. Bd2 Rf8 32. Rxf8 Qxf8 33. Bxe3 fxe3 
34. Nxe3 Bxe3+ 35. Qxe3 Qd8 36. Qc1 h4 37. Qf1 Nf4 38. Kh1 Qg5 39. Nc4 Qd8 
40. Kg1 Qc7 41. Kh1 Kh6 42. Kg1 Kh5 43. Kh1 Kh6 44. Qc1 Kh5 45. Qc2 Kh6 
46. Qc3 Kg5 47. Qb3 Kf6 48. Qc3 Kg5 49. Qc1 Qc8 50. Qc2 Qc7 51. Ne3 Qd7 
52. Kg1 Kg6 53. Kh1 Kh6 54. Qc4 Kg5 55. Kg1 Kg6 56. Qc2 Kg5 57. Qc4 Qd8 
58. Nf1 Kh6 59. Kh1 Kh5 60. Kg1 Kg5 61. Ne3 Kh5 62. Kh1 Kg5 63. Qc1 Kh6 
64. Nf5+ Kh5 65. Ng7+ Kg6 66. Ne6 Nxe6 67. dxe6 Qe8 68. f4 exf4 69. Qxf4 Qxe6 
70. Qxh4 Qe5 71. Qg4+ Kh6 72. Qd1 Kg6 73. Qg4+ Kh6 74. Qh4+ Kg6 75. Qg4+ 1/2-1/2

[Event "Sunday07 January Rapid Engine Tour 12+1 Rounds 9 Starts 1600 ST"]
[Site "Infinity Chess"]
[Date "2018.1.7"]
[Round "2"]
[White "Thinker"]
[Black "incredible"]
[Result "1/2-1/2"]
[ECO "C42"]
[WhiteElo "2457"]
[BlackElo "2472"]
[WhiteEngine "BrainFish_180106_x64_modern_CTG"]
[BlackEngine "stockfish_18010422_x64_bmi2"]
[EventType "Swiss"]
[WhiteTeam ""]
[BlackTeam ""]
[PlyCount "54"]
[TimeControl "720+1"]

1. e4 e5 2. Nf3 Nf6 3. Nxe5 d6 4. Nf3 Nxe4 5. d4 d5 6. Bd3 Be7 7. O-O Nc6 
8. c4 Bg4 9. cxd5 Qxd5 10. Nc3 Nxc3 11. bxc3 O-O 12. Rb1 Bxf3 13. gxf3 Rab8 
14. Re1 Qd7 15. f4 Bf6 16. Ba3 Rfe8 17. Rxe8+ Qxe8 18. Qh5 g6 19. Qf3 Kg7 
20. Kg2 Ne7 21. Rxb7 Rxb7 22. Qxb7 Qd7 23. Bxe7 Qg4+ 24. Kf1 Qd1+ 25. Kg2 Qg4+ 
26. Kf1 Qd1+ 27. Kg2 Qg4+ 1/2-1/2

[Event "Sunday07 January Rapid Engine Tour 12+1 Rounds 9 Starts 1600 ST"]
[Site "Infinity Chess"]
[Date "2018.1.7"]
[Round "2"]
[White "Susanne"]
[Black "Marsell"]
[Result "1/2-1/2"]
[ECO "C55"]
[WhiteElo "2473"]
[BlackElo "2473"]
[WhiteEngine "BrainFish_180106_x64_bmi2_CTG"]
[BlackEngine "asmFishW_2017-12-07_popcnt"]
[EventType "Swiss"]
[WhiteTeam ""]
[BlackTeam ""]
[PlyCount "59"]
[TimeControl "720+1"]

1. e4 e5 2. Nf3 Nc6 3. Bc4 Nf6 4. d3 Bc5 5. c3 d6 6. O-O O-O 7. Re1 a5 8. h3 h6 
9. Nbd2 Be6 10. Bb5 Qb8 11. Nf1 Qa7 12. Be3 Bxe3 13. Nxe3 Ne7 14. a4 Ng6 
15. Bc4 Nf4 16. Bxe6 fxe6 17. Nc4 Rf7 18. d4 Qa6 19. b3 exd4 20. cxd4 Qc6 
21. Rc1 Nxe4 22. Nxd6 Qxd6 23. Rxe4 Qd5 24. Re5 Qd6 25. Rc3 Raf8 26. Rxa5 Nd5 
27. Rd3 Nf4 28. Rc3 Nd5 29. Rd3 Nf4 30. Rc3 1/2-1/2

[Event "Sunday07 January Rapid Engine Tour 12+1 Rounds 9 Starts 1600 ST"]
[Site "Infinity Chess"]
[Date "2018.1.7"]
[Round "2"]
[White "Gilgamesch"]
[Black "fati64"]
[Result "1/2-1/2"]
[ECO "D31"]
[WhiteElo "2474"]
[BlackElo "2495"]
[WhiteEngine "BrainFish_171005_x64_bmi2"]
[BlackEngine "Raubfisch ME262_GTZ16b1."]
[EventType "Swiss"]
[WhiteTeam ""]
[BlackTeam ""]
[PlyCount "125"]
[TimeControl "720+1"]

1. d4 d5 2. c4 e6 3. Nc3 c6 4. Nf3 Nf6 5. Bg5 h6 6. Bxf6 Qxf6 7. e3 Nd7 
8. Bd3 dxc4 9. Bxc4 g6 10. Qc2 Bg7 11. Bb3 Qe7 12. Ne4 O-O 13. O-O e5 
14. Ng3 Kh8 15. h3 f5 16. dxe5 Nxe5 17. Nxe5 Qxe5 18. Rab1 a5 19. Rfd1 f4 
20. exf4 Qxf4 21. Qxg6 Qxf2+ 22. Kh1 Bf5 23. Nxf5 Qxf5 24. Qxf5 Rxf5 25. Bc4 a4 
26. Rd7 b5 27. Bd3 Rff8 28. g4 Rae8 29. Kg2 b4 30. b3 a3 31. Rd1 Re3 
32. Rd6 Rff3 33. Rd8+ Bf8 34. Bf5 Rg3+ 35. Kf2 Rgf3+ 36. Kg2 Rg3+ 37. Kh2 Rxh3+ 
38. Kg2 Reg3+ 39. Kf2 Rf3+ 40. Ke2 Kg8 41. R1d7 Re3+ 42. Kd1 Rh1+ 43. Kd2 Rf3 
44. Ke2 Rhf1 45. Bh7+ Kh8 46. Bf5 Kg8 47. Ra7 R1f2+ 48. Ke1 c5 49. Be6+ Kh8 
50. Rdd7 Rf1+ 51. Ke2 R1f2+ 52. Ke1 Rf1+ 53. Ke2 Be7 54. Rxe7 R1f2+ 55. Kd1 Rf1+ 
56. Kc2 R1f2+ 57. Kd1 Rf1+ 58. Kc2 R1f2+ 59. Kc1 Rf1+ 60. Kd2 R1f2+ 61. Kc1 Rf1+ 
62. Kd2 R1f2+ 63. Kc1 1/2-1/2

[Event "Sunday07 January Rapid Engine Tour 12+1 Rounds 9 Starts 1600 ST"]
[Site "Infinity Chess"]
[Date "2018.1.7"]
[Round "2"]
[White "Victorious"]
[Black "xeonrocks"]
[Result "1/2-1/2"]
[ECO "D31"]
[WhiteElo "2499"]
[BlackElo "2512"]
[WhiteEngine "Houdini 6"]
[BlackEngine "asmFishW_CTG"]
[EventType "Swiss"]
[WhiteTeam ""]
[BlackTeam ""]
[PlyCount "260"]
[TimeControl "720+1"]

1. d4 d5 2. c4 e6 3. Nc3 c6 4. Nf3 Nf6 5. e3 Nbd7 6. Bd3 dxc4 7. Bxc4 b5 
8. Bd3 Bb7 9. a3 Bd6 10. Bd2 O-O 11. O-O a5 12. Qc2 b4 13. axb4 axb4 14. Na4 c5 
15. dxc5 Rc8 16. Be2 Nxc5 17. Bxb4 Bxf3 18. Bxf3 Nxa4 19. Qxa4 Rc4 20. Bxd6 Rxa4 
21. Bxf8 Rxa1 22. Rxa1 h6 23. Bc5 Qd3 24. b4 Qc3 25. Ra8+ Kh7 26. g3 Qc1+ 
27. Kg2 Qc2 28. Ra7 Ne4 29. Bxe4+ Qxe4+ 30. Kg1 Qb1+ 31. Kg2 Kg6 32. g4 Qc2 
33. Rd7 h5 34. h3 Qe4+ 35. Kg3 Qb1 36. Kg2 Qe4+ 37. Kg3 Qb1 38. Kg2 h4 
39. Rd4 Qa2 40. g5 Qa8+ 41. Kg1 Kxg5 42. Rg4+ Kh5 43. Be7 Qa1+ 44. Kg2 Qa8+ 
45. Kg1 Qe8 46. Rxh4+ Kg6 47. Rg4+ Kh7 48. Bc5 e5 49. f4 f6 50. Rg2 Qa8 
51. fxe5 Qa1+ 52. Kf2 Qxe5 53. Kg1 Qc3 54. Rf2 Kg6 55. h4 Kh6 56. Rf4 Qe1+ 
57. Kg2 Kh5 58. e4 Qd2+ 59. Kf3 Qd3+ 60. Be3 Qf1+ 61. Kg3 Qe1+ 62. Kf3 Kg6 
63. Bc5 Qc3+ 64. Ke2 Qc4+ 65. Kf3 Qf1+ 66. Ke3 Qc1+ 67. Kf3 Qh1+ 68. Kg3 Qb1 
69. Rg4+ Kh6 70. Be3+ Kh7 71. Bc5 Kh6 72. Be3+ Kh7 73. Bc5 Qh1 74. Rf4 Qe1+ 
75. Kg2 Qd2+ 76. Kg3 Qe2 77. Rg4 Qc4 78. Rf4 Kh6 79. Kf3 Qf1+ 80. Kg3 Qe1+ 
81. Kg2 Qd2+ 82. Kf3 Qd3+ 83. Kg2 Qe2+ 84. Kg3 Qa6 85. Rf5 Qe2 86. Rf4 Qd3+ 
87. Kg2 Qc2+ 88. Kf3 Qd1+ 89. Kf2 Qd2+ 90. Kf3 Qd1+ 91. Kf2 Kh7 92. Kg2 Qd2+ 
93. Kg3 Qc3+ 94. Kf2 Qb2+ 95. Kf3 Qa1 96. Ke2 Qa2+ 97. Kd3 Qb1+ 98. Kd2 Kg6 
99. Ke3 Qc1+ 100. Kf3 Kf7 101. Rg4 Qd2 102. Kg3 Qd3+ 103. Kf2 Qd2+ 104. Kg3 Qd3+ 
105. Kf2 Qb1 106. Rf4 Ke6 107. Rg4 g6 108. Ke3 Qc1+ 109. Ke2 Kf7 110. Kf2 Qb2+ 
111. Kg3 Qe2 112. Rf4 Qd2 113. Kf3 Qc3+ 114. Ke2 Qc2+ 115. Kf3 Qd3+ 
116. Kf2 Qc2+ 117. Kf3 Qb3+ 118. Kg2 Qd3 119. Kf2 Kg7 120. Be7 Qd2+ 121. Kf3 f5 
122. exf5 Qd1+ 123. Ke4 gxf5+ 124. Rxf5 Qe2+ 125. Kd4 Qd1+ 126. Ke5 Qe1+ 
127. Kd6 Qxb4+ 128. Rc5 Kg6 129. Kd5 Qb1 130. Kd6 Qa1 1/2-1/2

[Event "Sunday07 January Rapid Engine Tour 12+1 Rounds 9 Starts 1600 ST"]
[Site "Infinity Chess"]
[Date "2018.1.7"]
[Round "2"]
[White "THE_MACHINE"]
[Black "Harry_Potter"]
[Result "1/2-1/2"]
[ECO "C50"]
[WhiteElo "2522"]
[BlackElo "2544"]
[WhiteEngine "BrainFish_180106_x64_bmi2"]
[BlackEngine "stockfish_18010422_x64_bmi2_CTG"]
[EventType "Swiss"]
[WhiteTeam ""]
[BlackTeam ""]
[PlyCount "109"]
[TimeControl "720+1"]

1. e4 e5 2. Nf3 Nc6 3. Bc4 Bc5 4. O-O Nf6 5. d3 d6 6. c3 a5 7. b3 O-O 8. h3 h6 
9. Re1 Bb6 10. Nbd2 Be6 11. Bb2 Nh5 12. d4 Nf4 13. d5 Bxh3 14. g3 Ng2 
15. Re2 Ne7 16. Kh2 Qd7 17. Ng1 Bxf2 18. Nxh3 Ne3 19. Rxe3 Bxe3 20. Bd3 Bxd2 
21. Qxd2 a4 22. b4 f5 23. Qe2 fxe4 24. Bxe4 Rf6 25. Bc1 Raf8 26. Be3 Qe8 
27. Rd1 Qf7 28. Kg2 b5 29. Bg1 a3 30. Bf2 g5 31. Rd2 Qg7 32. Qxb5 g4 33. Ng1 h5 
34. Qd3 Ng6 35. Bxg6 Rxg6 36. c4 h4 37. b5 Qh6 38. Re2 hxg3 39. Bxg3 Qh5 
40. Rf2 Rxf2+ 41. Kxf2 Rf6+ 42. Kg2 Rf7 43. c5 dxc5 44. Qe4 c4 45. Bxe5 Rh7 
46. Qd4 c3 47. d6 Qh1+ 48. Kf1 Rf7+ 49. Bf6 c2 50. Qxg4+ Kh7 51. Qf5+ Kg8 
52. Qg4+ Kh7 53. Qf5+ Kg8 54. Qc8+ Kh7 55. Qf5+ 1/2-1/2

[Event "Sunday07 January Rapid Engine Tour 12+1 Rounds 9 Starts 1600 ST"]
[Site "Infinity Chess"]
[Date "2018.1.7"]
[Round "1"]
[White "OlivierEvan"]
[Black "KRAKEN"]
[Result "1/2-1/2"]
[ECO "C50"]
[WhiteElo "2345"]
[BlackElo "2456"]
[WhiteEngine "Houdini 6"]
[BlackEngine "Raubfisch ME262_GTZ16b2_CTG"]
[EventType "Swiss"]
[WhiteTeam ""]
[BlackTeam ""]
[PlyCount "156"]
[TimeControl "720+1"]

1. e4 e5 2. Nf3 Nc6 3. Bc4 Bc5 4. O-O Nf6 5. d3 d6 6. c3 O-O 7. h3 a6 8. Re1 Ba7 
9. Bb3 h6 10. Nbd2 Re8 11. Nf1 Be6 12. Bc2 d5 13. Qe2 b5 14. Bd2 Qd7 15. Ng3 d4 
16. a4 Bc5 17. Rec1 Qd6 18. Nh4 Ne7 19. Qe1 Rab8 20. axb5 axb5 21. Nf3 Nc6 
22. Ne2 Nxe4 23. dxe4 d3 24. b4 Bb6 25. Bd1 dxe2 26. Bxe2 Ne7 27. Bxb5 Bxf2+ 
28. Qxf2 Rxb5 29. c4 Rbb8 30. c5 Qc6 31. Nxe5 Qxe4 32. Re1 Qb7 33. Nd3 Nd5 
34. Qg3 Kh7 35. Ne5 Ne7 36. Re2 Nf5 37. Qf2 Qd5 38. Rae1 f6 39. Nc6 Ra8 
40. b5 Bd7 41. Rxe8 Rxe8 42. Rxe8 Bxe8 43. Nb4 Qe5 44. b6 cxb6 45. cxb6 Qb5 
46. Kh2 Bd7 47. Nc2 h5 48. Na3 Qd5 49. Bf4 Bc6 50. Qf3 Qxf3 51. gxf3 g5 
52. Bc7 Bxf3 53. Nc4 Kg6 54. Na5 Bd5 55. b7 Bxb7 56. Nxb7 Nd4 57. Na5 Kf5 
58. Nc4 Kg6 59. Ba5 Ne6 60. Bc3 Nf4 61. Bd4 g4 62. hxg4 hxg4 63. Bf2 Nd5 
64. Kg3 Kg5 65. Kg2 Nf4+ 66. Kh2 Nh5 67. Bb6 g3+ 68. Kg2 Kf4 69. Bc7+ Ke4 
70. Nd2+ Kd3 71. Nf3 f5 72. Bb6 f4 73. Ba7 Nf6 74. Bb8 Ke4 75. Ba7 Ng4 
76. Nd2+ Kd3 77. Nf3 Ne3+ 78. Bxe3 fxe3 1/2-1/2